 Dungeon Crawl Stone Soup version 0.30-b1-2-g02819fbbbe (webtiles) character file.

Game seed: 284243810274247910

12238 raph the Geomancer (level 11, 0/64 HPs)
             Began as a Deep Elf Earth Elementalist on May 11, 2023.
             Was an Elder of Sif Muna.
             Slain by an elephant (2 damage)
             ... on level 2 of the Lair of Beasts.
             The game lasted 00:23:13 (15244 turns).

raph the Geomancer (Deep Elf Earth Elementalist)   Turns: 15244, Time: 00:23:13

Health: 0/64       AC:  5    Str:  5    XL:     11   Next: 59%
Magic:  17/31      EV: 16    Int: 31    God:    Sif Muna [****..]
Gold:   562        SH:  0    Dex: 15    Spells: 8/29 levels left

rFire   . . .        a - staff of earth
rCold   + . .        (no shield)
rNeg    . . .        f - +0 robe
rPois   .            (no helmet)
rElec   .            k - +0 cloak
rCorr   .            e - +1 pair of gloves
SInv    .            (no boots)
Will    +....        G
                       - Hermit's Pendant {Faith Invo=14 Evo=0 MP+5}
Stlth   ++           o - ring of protection from cold
HPRegen 0.30/turn    r - +6 ring of intelligence
MPRegen 0.22/turn

%: faith
@: no status effects
A: no striking features
a: Renounce Religion, Channel Magic, Forget Spell, Divine Exegesis


You were on level 2 of the Lair of Beasts.
You worshipped Sif Muna.
Sif Muna was greatly pleased with you.
You visited 3 branches of the dungeon, and saw 11 of its levels.
You also visited: Ossuary.

You collected 562 gold pieces.

Inventory:

Hand Weapons
 b - a +5 dagger of venom
 c - a +0 dagger
 j - a +2 dagger of venom
 p - a +2 dagger of venom
 w - the +8 hammer of Majujuis {freeze, Will+ rCorr MP+9 Dex-3}
   (You found it on level 2 of the Dungeon)

   Dex:       It affects your dexterity (-3).
   MP:        It affects your magic capacity (+9).
   rCorr:     It protects you from acid and corrosion.
   Will:      It increases your willpower.
 y - a +2 shortbow of electrocution
 L - a +3 scimitar
Missiles
 s - 15 poisoned darts
 J - a curare-tipped dart
Armour
 e - a +1 pair of gloves (worn)
 f - a +0 robe (worn)
 k - a +0 cloak (worn)
Magical Staves
 a - a staff of earth (weapon)
Jewellery
 g - an amulet of faith
 h - an amulet of reflection
 o - a ring of protection from cold (left hand)
 r - a +6 ring of intelligence (right hand)
 G - the Hermit's Pendant (around neck) {Faith Invo=14 Evo=0 MP+5}
   (You found it on level 7 of the Dungeon)

   [amulet of faith]

   Invo=14: It sets your Invocations skill to 14.
   Evo=0: It sets your Evocations skill to 0.
   It allows you to gain divine favour quickly.
   MP:        It affects your magic capacity (+5).
 M - a ring of willpower
 N - a ring of flight
Wands
 q - a wand of paralysis (7)
 x - a wand of flame (14)
 I - a wand of mindburst (14)
Scrolls
 u - 3 scrolls of fear
 A - 2 scrolls of amnesia
 C - 6 scrolls of enchant weapon
 D - 2 scrolls of teleportation
 E - 5 scrolls of fog
 F - 2 scrolls of immolation
 K - a scroll of magic mapping
Potions
 d - 3 potions of lignification
 i - 2 potions of might
 l - a potion of heal wounds
 m - 3 potions of curing
 n - 3 potions of mutation
 t - 4 potions of magic
 v - a potion of cancellation
 z - 5 potions of flight
 B - a potion of haste
 H - a potion of brilliance
 O - 9 potions of ambrosia


   Skills:
 + Level 5.7 Fighting
 + Level 8.7 Dodging
 - Level 2.4 Stealth
 + Level 9.5 Spellcasting
 + Level 3.0 Conjurations
 - Level 7.4 Necromancy
 - Level 1.1 Transmutations
 * Level 12.1 Earth Magic
 + Level 7.2(14.0) Invocations


You had 8 spell levels left.
You knew the following spells:

 Your Spells              Type           Power      Damage    Failure   Level
a - Sandblast             Erth           100%       2d20      1%          1
b - Passwall              Tmut/Erth      58%        N/A       1%          2
c - Stone Arrow           Conj/Erth      100%       3d13      1%          3
d - Vampiric Draining     Necr           57%        2d10      1%          3
e - Slow                  Hex            56%        N/A       3%          1
f - Petrify               Tmut/Erth      70%        N/A       2%          4
g - Blink                 Tloc           28%        N/A       5%          2
h - Mephitic Cloud        Conj/Pois/Air  20%        N/A       7%          3
i - Call Imp              Summ           28%        N/A       5%          2

Your spell library contained the following spells:

 Spells                   Type           Power      Damage    Failure   Level
 Magic Dart               Conj           100%       1d8       1%          1
 Beastly Appendage        Tmut           42%        N/A       2%          1
 Momentum Strike          Conj/Tloc      48%        3d9       2%          2
 Freeze                   Ice            56%        1d7       3%          1
 Wereblood                Tmut           21%        N/A       3%          2
 Lesser Beckoning         Tloc           28%        N/A       5%          2
 Hailstorm                Conj/Ice       24%        3d7       5%          3
 Spider Form              Tmut/Pois      18%        N/A       9%          3
 Confusing Touch          Hex            14%        N/A       11%         3
 Frozen Ramparts          Ice            28%        1d5       11%         3
 Gell's Gravitas          Tloc           14%        N/A       11%         3
 Teleport Other           Tloc           14%        N/A       11%         3
 Vhi's Electric Charge    Tloc/Air       28%        N/A       11%         3
 Arcjolt                  Conj/Air       12%        1d22      45%         5
 Maxwell's Capacitive Co  Air            7%         ∞         100%        8


Dungeon Overview and Level Annotations

Branches:
Dungeon (8/15)             Temple (1/1) D:4            Lair (2/5) D:8
Ossuary (visited)
  Swamp: Lair:2-3    Shoals: Lair:2-3     Snake: Lair:2-3    Spider: Lair:2-3

Altars:
Ashenzari
Cheibriados
Dithmenos
Elyvilon
Fedhas
Gozag
Hepliaklqana
Kikubaaqudgha
Makhleb
Nemelex Xobeh
Okawaru
Qazlal
Ru
Sif Muna
Trog
Uskayaw
Vehumet
Wu Jian
Xom
Yredelemnul
Zin
The Shining One


Message History

You feel life coursing into your body. The elephant tramples you!
You hold your ground!
The elephant completely misses you.
Your Conjurations skill increases to level 3!
Casting: Vampiric Draining (safe; 1% risk of failure)
Confirm with . or Enter, or press ? or * to list all spells.
Aiming: Vampiric Draining (safe; 1% risk of failure)
Press: ? - help, Shift-Dir - straight line, f - elephant
Aim: an elephant You draw life force from the elephant!
You feel life coursing into your body! The elephant tramples you!
You hold your ground!
The elephant barely misses you.
Casting: Vampiric Draining (safe; 1% risk of failure)
Confirm with . or Enter, or press ? or * to list all spells.
Aiming: Vampiric Draining (safe; 1% risk of failure)
Press: ? - help, Shift-Dir - straight line, f/p - elephant
Aim: an elephant (moderately wounded)
You draw life force from the elephant.
You feel life coursing into your body. The elephant tramples you!
* * * LOW HITPOINT WARNING * * *
You hold your ground!
The elephant trunk-slaps you.
* * * LOW HITPOINT WARNING * * *
Casting: Vampiric Draining (safe; 1% risk of failure)
Confirm with . or Enter, or press ? or * to list all spells.
Aiming: Vampiric Draining (safe; 1% risk of failure)
Press: ? - help, Shift-Dir - straight line, f/p - elephant
Aim: an elephant (moderately wounded)
You draw life force from the elephant!
You feel life coursing into your body.
You feel less invigorated. The elephant tramples you!
* * * LOW HITPOINT WARNING * * *
You hold your ground!
The elephant completely misses you.
Casting: Vampiric Draining (safe; 1% risk of failure)
Confirm with . or Enter, or press ? or * to list all spells.
Aiming: Vampiric Draining (safe; 1% risk of failure)
Press: ? - help, Shift-Dir - straight line, f/p - elephant
Aim: an elephant (moderately wounded)
You draw life force from the elephant!
You feel life coursing into your body! The elephant tramples you!
* * * LOW HITPOINT WARNING * * *
You hold your ground!
The elephant trunk-slaps you.
You die...

###...........#YY.†..
#...........+.#.F††..
##..........##.......
#P......)..###......
##.........# ###.###
##.........P# ### #
#..........##
###Y##.#.#.#
#@†.....## ##
###.#...## #P
##.......P# #####
#.........#####....
#.........##.#....
#.......#...#.....
#.......###.......
#.......# #.......
#..##.### ##......


You could see an elephant.

Vanquished Creatures
  A catoblepas (Lair:1)
  2 elephants (Lair:2)
  A black mamba (Lair:1)
  2 cane toads
  A komodo dragon (Lair:2)
  A queen bee (Lair:2)
  Prince Ribbit (D:8)
  19 yaks
  3 wargs
  8 water moccasins
  An ice beast (D:5)
  A black bear (D:7)
  4 sky beasts
  An orc warrior (D:6)
  2 centaurs
  4 wolves (Lair:1)
  2 ogres
  A kobold brigand (D:7)
  8 bullfrogs
  A scorpion (D:5)
  3 wights (D:8)
  31 killer bees
  A howler monkey (D:5)
  3 centaur zombies (Ossuary)
  3 jellies
  7 hounds
  2 orc priests (D:8)
  Crazy Yiuf (D:2)
  2 human zombies (Ossuary)
  Jessica (D:3)
  3 iguanas
  7 orc wizards
  Ijyb (D:3)
  2 hound zombies (Ossuary)
  4 mummies
  11 gnolls
  9 adders
  A shadow imp (D:5)
  5 white imps
  An ufetubus (D:5)
  3 adder zombies (Ossuary)
  4 worms
  3 dart slugs
  19 orcs
  6 endoplasms
  2 giant cockroaches
  A gnoll zombie (Ossuary)
  2 hobgoblins
  9 jackals
  4 quokkas
  7 ball pythons
  3 bats
  4 frilled lizards (D:1)
  3 goblins (D:1)
  6 goblin zombies (Ossuary)
  6 hobgoblin zombies
  2 jackal zombies (Ossuary)
  16 kobolds
  4 kobold zombies (Ossuary)
  2 quokka zombies (Ossuary)
  6 rats
  4 rat zombies (Ossuary)
278 creatures vanquished.

Vanquished Creatures (collateral kills)
  2 elephants (Lair:2)
2 creatures vanquished.

Vanquished Creatures (others)
  3 fungi (Lair:2)
  7 plants (Lair:2)
10 creatures vanquished.

Grand Total: 290 creatures vanquished

Notes
Turn   | Place    | Note
-------+----------+-------------------------------------------
     0 | D:1      | raph the Deep Elf Earth Elementalist began the quest for
                  | the Orb.
     0 | D:1      | Reached XP level 1. HP: 10/10 MP: 6/6
   229 | D:1      | Reached XP level 2. HP: 15/15 MP: 6/8
   253 | D:1      | Reached skill level 4 in Earth Magic
   508 | D:1      | Learned a level 2 spell: Passwall
   807 | D:1      | Reached XP level 3. HP: 19/19 MP: 7/9
  1590 | D:2      | Reached skill level 5 in Earth Magic
  1698 | D:2      | Found a runed translucent door.
  1758 | D:2      | Noticed Crazy Yiuf
  2018 | D:2      | Reached XP level 4. HP: 24/24 MP: 7/10
  2057 | D:2      | Learned a level 3 spell: Stone Arrow
  2061 | D:2      | Learned a level 3 spell: Vampiric Draining
  2200 | D:3      | Noticed Ijyb
  2206 | D:3      | Paralysed by Ijyb for 3 turns
  2209 | D:3      | Killed Ijyb
  2281 | D:3      | Found a faded altar of an unknown god.
  2478 | D:3      | Noticed Jessica
  2482 | D:3      | Killed Jessica
  2531 | D:3      | Reached skill level 1 in Necromancy
  2665 | D:3      | Reached XP level 5. HP: 24/28 MP: 2/12
  2983 | D:4      | Identified a scroll of acquirement
  2983 | D:4      | Acquired a staff of earth
  3000 | D:4      | Learned a level 1 spell: Slow
  3049 | D:4      | Found a staircase to the Ecumenical Temple.
  3059 | Temple   | Entered the Ecumenical Temple
  3169 | Temple   | Became a worshipper of Sif Muna the Loreminder
  3410 | D:4      | Reached skill level 6 in Earth Magic
  3537 | D:4      | Reached skill level 1 in Fighting
  3752 | D:4      | Reached XP level 6. HP: 34/34 MP: 5/13
  4555 | D:4      | Found a hide-covered altar of Uskayaw.
  4557 | D:4      | Reached * piety under Sif Muna
  4749 | D:2      | Killed Crazy Yiuf
  4756 | D:2      | Identified the +8 hammer of Majujuis {freeze, Will+ rCorr
                  | MP+9 Dex-3}
  4868 | D:5      | Entered Level 5 of the Dungeon
  4915 | D:5      | Noticed an ice beast
  4928 | D:5      | Killed an ice beast
  4929 | D:5      | Reached skill level 1 in Invocations
  5145 | D:5      | Reached XP level 7. HP: 38/38 MP: 11/15
  5178 | D:5      | Learned a level 4 spell: Petrify
  5606 | D:5      | Reached skill level 7 in Earth Magic
  5638 | D:5      | Noticed a yak
  5643 | D:5      | Killed a yak
  5739 | D:5      | Found an ornate altar of the Wu Jian Council.
  5870 | D:5      | Found a white marble altar of Elyvilon.
  6029 | D:5      | Reached skill level 5 in Spellcasting
  6159 | D:5      | Reached XP level 8. HP: 43/45 MP: 4/17
  6931 | D:6      | Reached skill level 8 in Earth Magic
  6932 | D:6      | Reached ** piety under Sif Muna
  6933 | D:6      | Reached skill level 5 in Dodging
  7881 | D:7      | Found a sand-covered staircase.
  7910 | Ossuary  | Entered an ossuary
  8185 | Ossuary  | Reached XP level 9. HP: 51/51 MP: 16/20
  8234 | Ossuary  | Reached *** piety under Sif Muna
  8649 | Ossuary  | Reached skill level 5 in Necromancy
  9024 | D:7      | Found a white marble altar of Elyvilon.
  9108 | D:7      | Reached skill level 9 in Earth Magic
  9158 | D:7      | Found the Hermit's Pendant {Faith Invo=14 Evo=0 MP+5}
 10258 | D:7      | Reached skill level 5 in Invocations
 11062 | D:8      | Noticed Prince Ribbit
 11063 | D:8      | Found a staircase to the Lair.
 11065 | D:8      | Reached XP level 10. HP: 56/56 MP: 23/23
 11089 | D:7      | HP: 1/56 [warg (10)]
 11095 | D:7      | Reached skill level 10 in Earth Magic
 11479 | D:8      | Killed Prince Ribbit
 12462 | Lair:1   | Entered Level 1 of the Lair of Beasts
 12462 | Lair:1   | Noticed a cane toad
 12468 | Lair:1   | Killed a cane toad
 12822 | Lair:1   | Noticed a catoblepas
 12834 | Lair:1   | Killed a catoblepas
 12840 | Lair:1   | Reached **** piety under Sif Muna
 13161 | Lair:1   | Reached skill level 11 in Earth Magic
 13166 | Lair:1   | Reached skill level 5 in Fighting
 13496 | Lair:1   | Learned a level 2 spell: Blink
 13500 | Lair:1   | Learned a level 3 spell: Mephitic Cloud
 13534 | Lair:1   | Noticed a black mamba
 13554 | Lair:1   | Killed a black mamba
 13555 | Lair:1   | Reached XP level 11. HP: 32/63 MP: 11/25
 13868 | Lair:1   | Reached skill level 1 in Conjurations
 14535 | Lair:2   | Learned a level 2 spell: Call Imp
 15226 | Lair:2   | Reached skill level 12 in Earth Magic
 15244 | Lair:2   | HP: 2/64 [elephant (12)]
 15244 | Lair:2   | Slain by an elephant

Illustrated notes

Levels and vault maps discovered:
D:1:      onia_arrival_mini_maze_b, layout_loops_corners, minmay_split_cup_small
D:2:      layout_basic, minmay_curled_crystal, bh_walls_and_bars,
          uniq_crazy_yiuf_cottage
D:3:      layout_basic, ebering_ecumenical_altar_sacrificial, uniq_jessica,
          uniq_ijyb
D:4:      layout_gridville, kennysheep_little_box, minmay_temple_entry_wispy,
          minmay_misc_feat_hallway
D:5:      layout_layer_cave, hangedman_feature_mirror
D:6:      layout_cave_pools
D:7:      layout_loops_ring, mainiacjoe_overflow_tiny_flanked,
          nicolae_ossuary_entry_giza, kennysheep_generic_room_14
D:8:      layout_cave_pools, erik_lair_orcish_takeover, uniq_prince_ribbit1
Temple:   nicolae_temple_bog_church
Lair:1:   layout_concentric_octagons, columned_hall_lemuel, beast_lair_carwin_4,
          infiniplex_staircase_pool_2
Lair:2:   layout_roguey [special_room_bee], uniq_maggie

Skill      XL: |  1  2  3  4  5  6  7  8  9 10 11 |
---------------+----------------------------------+-----
Earth Magic    | 4 5 6 7 8 9 11 12 | 12.1
Necromancy     | 1 2 3 4 6 7 |  7.4
Dodging        | 3 4 5 6 7 8 |  8.7
Fighting       | 1 2 3 4 5 |  5.7
Spellcasting   | 4 5 6 7 8 9 |  9.5
Invocations    | 1 2 3 5 6 7 |  7.2
Conjurations   | 3 |  3.0
Stealth        | |  2.4
Transmutations | |  1.1

Action                     |  1- 3 |  4- 6 |  7- 9 | 10-12 || total
---------------------------+-------+-------+-------+-------++-------
  Melee: Dagger            |     3 |     2 |       |     9 ||    14
         Staff             |       |     9 |       |     8 ||    17
         Punch             |       |       |       |     1 ||     1
   Cast: Sandblast         |    54 |    28 |    77 |    10 ||   169
         Stone Arrow       |       |    41 |   108 |   106 ||   255
         Passwall          |       |     1 |       |     1 ||     2
         Vampiric Draining |       |     1 |       |    86 ||    87
         Petrify           |       |       |     5 |    11 ||    16
         Call Imp          |       |       |       |     3 ||     3
 Invoke: Channel Magic     |       |       |       |     9 ||     9
    Use: Scroll            |       |    12 |     8 |     3 ||    23
         Potion            |       |       |       |     4 ||     4
   Stab: Petrified         |       |       |       |     5 ||     5
 Armour: Robe              |     8 |    12 |    15 |    23 ||    58
  Dodge: Dodged            |    16 |    19 |    51 |   155 ||   241
  Block: Other             |     1 |     2 |       |       ||     3
